 Dungeon Sprint DCSS version 0.24.0-123-gd5b16e6ec5 (webtiles) character file.

Game seed: 259363061169317291, levelgen mode: deterministic

53 McKennaii the Skirmisher (level 3, -4/34 HPs)
             Began as a Demonspawn Fighter on Dec 23, 2019.
             Drowned by a water elemental (10 damage)
             ... in the Dungeon (Sprint III: "The Ten Rune Challenge").
             The game lasted 00:01:10 (280 turns).

McKennaii the Skirmisher (Demonspawn Fighter)        Turns: 280, Time: 00:01:10

Health: -4/34      AC:  7    Str: 16    XL:     3   Next: 62%
Magic:  3/3        EV:  7    Int: 11    God:
Gold:   30         SH:  9    Dex: 15    Spells: 2/2 levels left

rFire    . . .     SeeInvis .   a - +0 long sword
rCold    . . .     Gourm    .   c - +0 shield
rNeg     . . .     Faith    .   b - +0 scale mail
rPois    .         Spirit   .   (no helmet)
rElec    .         Reflect  .   (no cloak)
rCorr    .         Harm     .   (no gloves)
MR       .....     NoTele   +   (no boots)
Stlth    ..........             (no amulet)
HPRegen  0.11/turn              (no ring)
MPRegen  0.08/turn              (no ring)

@: engulfed (cannot breathe)
A: hooves 1, agile 1, clever 1, robust 1
a: no special abilities


You were in the Dungeon.
You were not hungry.

You visited 1 branch You collected 30 gold pieces.

Inventory:

Hand Weapons
 a - a +0 long sword (weapon)
Armour
 b - a +0 scale mail (worn)
 c - a +0 shield (worn)
Scrolls
 k - a scroll of blinking
 m - a scroll of immolation {unknown}
 n - a scroll of enchant armour {unknown}
 o - 3 scrolls of remove curse
 q - 2 scrolls of holy word {unknown}
 r - a scroll of amnesia {unknown}
Potions
 d - a potion of might
 e - a potion of curing
 g - a potion of heal wounds
 h - a potion of haste
 i - 2 potions of magic
 j - a potion of berserk rage
 l - 3 potions of mutation
 p - 3 potions of flight
Comestibles
 f - 3 rations


   Skills:
 + Level 4.6 Fighting
 * Level 3.8 Long Blades
 + Level 4.1 Armour
 + Level 0.1 Dodging
 + Level 4.1 Shields


You had 2 spell levels left.
You didn't know any spells.
Your spell library was empty.

Dungeon Overview and Level Annotations

Branches:
Dungeon (1/1)

Altars:


Innate Abilities, Weirdness & Mutations

You have large cloven feet.
You are agile. (Dex +2)
Your mind is acute. (Int +2)
You are robust. (+10% HP)


Message History

HP restored.
You open the door.
A water elemental comes into view.
There is an open door here.
Your shield and scale mail prevent you from hitting the water elemental.
The water elemental hits you!
The water elemental engulfs you in water!
You block the water elemental's attack.
You slash the water elemental!
The water elemental is moderately damaged.
Your lungs strain for air!
You block the water elemental's attack.
You hit the water elemental but do no damage.
The water elemental is moderately damaged.
* * * LOW HITPOINT WARNING * * *
Your lungs strain for air!
The water elemental hits you.
You hit the water elemental. You kick the water elemental.
The water elemental is heavily damaged.
You die...

▓▓▓▓▓▓▓▓▓ ▓▓▓
▓<..#(..#### ##.#
▓...#......#####..#
▓..##....)..#@.#..#
▓##.##.##...#E.#..# #+#+#
##.##.###..##'#..#......
▓#.####.##..###...'.⌠....
▓.###..##..####...#...###
▓#..†..##..###....# ⌠.#
###..##...##.....# .#
##..##....#......# #
#..###..##†#.....#


You could see a water elemental.

Vanquished Creatures
  Jessica (D)
  A human (D)
  An ooze (D)
  A phantom (D)
  A rat (D)
5 creatures vanquished.

Vanquished Creatures (others)
  2 draconian scorchers (D)
  6 hellions (D)
  A yaktaur (D)
9 creatures vanquished.

Grand Total: 14 creatures vanquished

Notes
Turn   | Place    | Note
-------+----------+-------------------------------------------
     0 | D        | McKennaii the Demonspawn Fighter began the quest for the
                  | Orb.
     0 | D        | Reached XP level 1. HP: 18/18 MP: 1/1
    75 | D        | Noticed Jessica
    78 | D        | Killed Jessica
    78 | D        | Gained mutation: You have large cloven feet. [demonic
                  | ancestry]
    78 | D        | Reached XP level 2. HP: 26/26 MP: 2/2
    78 | D        | Reached XP level 3. HP: 31/31 MP: 3/3
    85 | D        | Killed a hellion
   132 | D        | Killed a yaktaur
   145 | D        | Killed a hellion
   145 | D        | Killed a hellion
   146 | D        | Killed a hellion
   147 | D        | Killed a hellion
   184 | D        | Killed a white draconian scorcher
   196 | D        | Killed a white draconian scorcher
   246 | D        | Gained mutation: You are resistant to hostile enchantments.
                  | (MR+) [potion of mutation]
   246 | D        | Gained mutation: Your mind is acute. (Int +2) [potion of
                  | mutation]
   246 | D        | Gained mutation: Armour fits poorly on your strangely
                  | shaped body. [potion of mutation]
   246 | D        | Gained mutation: You are robust. (+10% HP) [potion of
                  | mutation]
   248 | D        | Lost mutation: Armour fits poorly on your strangely shaped
                  | body. [potion of mutation]
   248 | D        | Lost mutation: You are resistant to hostile enchantments.
                  | (MR+) [potion of mutation]
   248 | D        | Lost mutation: Your mind is acute. (Int +2) [potion of
                  | mutation]
   248 | D        | Gained mutation: You are agile. (Dex +2) [potion of
                  | mutation]
   248 | D        | Gained mutation: Your mind is acute. (Int +2) [potion of
                  | mutation]
   267 | D        | Killed a hellion
   270 | D        | Noticed a water elemental
   280 | D        | Drowned by a water elemental

Levels and vault maps discovered:
D:        dungeon_sprint_mu [sprint_mu_entry_cave, sprint_mu_temple_rooms,
          sprint_mu_d1_spiders, sprint_mu_d2_genie, sprint_mu_d3_branching,
          sprint_mu_orc_legion, sprint_mu_elf_gauntlet, sprint_mu_hive_nellie,
          sprint_mu_lair_fedhas, sprint_mu_vaults_butterflies,
          sprint_mu_slime_circle, sprint_mu_shoals_archi,
          sprint_mu_snake_twists, sprint_mu_blade_basic,
          sprint_mu_crypt_chambers, sprint_mu_tomb_spiral,
          sprint_mu_vestibule_basic, sprint_mu_gehenna_hellfire,
          sprint_mu_dis_giant, sprint_mu_tartarus_statrot,
          sprint_mu_cocytus_islands, sprint_mu_zot1]

Skill      XL: |  1  2  3 |
---------------+----------+-----
Long Blades    | 3 |  3.8
Armour         | 3 4 |  4.1
Shields        | 3 4 |  4.1
Fighting       | 4 |  4.6
Dodging        | |  0.1

Action                   || total
-------------------------++-------
Melee: Long sword        ||    23
       Kick              ||     6
  Use: Potion            ||     2
Armor: Scale mail        ||     5
Dodge: Dodged            ||     3
Block: Shield            ||     9
       Rpst.: Long sword ||     2
